AoeStats
← Kuttings

Arena

508672857Analyzed
4v4 RM · 10d ago on Sep 23, 2026· 70m 53s· 8 players
Game mode
Random Map
Map size
Large (8 player)
Population
200
Speed
Normal
Resources
Standard
Victory
Conquest
Starting age
Dark Age
Ending age
Imperial Age
RankedLock teamsTeams togetherTeam positionsShared explorationLock speedFull tech treeHidden civsTurbo modeCheats
Victory
Defeat
🇨🇳 Vietnamese · China
1198
+13
🇩🇪 Hindustanis · Germany
1168
+14
🇨🇳 Danes · China
1157
+14
🇨🇳 Chinese · China
1141
+15
🇦🇹 Celts · Austria
1155
-15
🇨🇳 Slavs · China
1126
-14
🇲🇽 Huns · Mexico
1111
-14
🇮🇳 Portuguese · India
1098
-13
一叶知秋
10:42 Feudal Age
14:28 Castle Age
14:11 Double-Bit Axe
14:10 Horse Collar
17:34 Bow Saw
19:21 Wheelbarrow
20:31 Heavy Plow
22:28 Hand Cart
28:08 Imperial Age
26:10 Forging
26:21 Man-at-Arms
27:02 Squires
27:04 Long Swordsman
28:41 Loom
29:21 Scale Mail Armor
30:21 Two-Handed Swordsman
31:22 Pikeman
33:33 Capped Ram
34:25 Druzhina
35:15 Iron Casting
34:39 Halberdier
35:34 Gold Mining
35:33 Champion
36:53 Town Watch
38:41 Two-Man Saw
37:59 Chain Mail Armor
38:46 Blast Furnace
38:22 Town Patrol
39:12 Plate Mail Armor
38:38 Fletching
40:41 Conscription
40:39 Siege Ram
43:28 Bodkin Arrow
45:00 Elite Skirmisher
46:18 Ballistics
46:04 Siege Engineers
47:00 Chemistry
46:10 Masonry
51:25 Padded Archer Armor
53:34 Onager
54:34 Siege Onager
58:20 Husbandry
58:30 Bloodlines
57:41 Light Cavalry
59:48 Hussar
65:12 Fortified Wall
64:57 Murder Holes
64:59 Guard Tower
ggnoteam
11:38 Feudal Age
9:56 Loom
12:39 Double-Bit Axe
15:13 Castle Age
14:12 Double-Bit Axe
15:14 Horse Collar
16:17 Wheelbarrow
17:01 Bow Saw
20:32 Gold Mining
20:50 Pikeman
20:55 Pikeman
25:06 Hand Cart
25:27 Forging
25:17 Scale Mail Armor
27:17 Elite Skirmisher
31:45 Imperial Age
29:18 Fletching
29:28 Padded Archer Armor
31:11 Gold Shaft Mining
31:51 Onager
34:52 Halberdier
37:39 Iron Casting
37:05 Scale Mail Armor
37:00 Bodkin Arrow
37:21 Leather Archer Armor
36:59 Halberdier
39:09 Blast Furnace
43:37 Chain Mail Armor
45:35 Plate Mail Armor
55:59 Gambesons
62:39 Heavy Plow
64:30 Caravan
65:32 Leather Archer Armor
65:13 Man-at-Arms
66:12 Long Swordsman
67:02 Two-Handed Swordsman
68:44 Champion
71:14 Bodkin Arrow
Kuttings
11:11 Feudal Age
15:06 Castle Age
16:06 Double-Bit Axe
16:20 Horse Collar
17:59 Heavy Plow
21:09 Bow Saw
20:49 Loom
22:57 Stone Mining
25:16 Wheelbarrow
24:28 Town Watch
30:37 Imperial Age
29:09 Gold Mining
32:20 Chemistry
32:12 Conscription
34:42 Bombard Tower
34:47 Arquebus
36:12 Padded Archer Armor
36:30 Masonry
38:43 Architecture
38:15 Fletching
38:41 Leather Archer Armor
39:32 Bodkin Arrow
40:08 Ring Archer Armor
40:53 Two-Man Saw
41:10 Bracer
44:06 Murder Holes
45:07 Circumnavigation
46:59 Coinage
47:14 Sappers
52:45 Siege Engineers
67:15 Caravan
Hastek
11:20 Feudal Age
14:51 Castle Age
12:54 Double-Bit Axe
14:11 Loom
15:02 Wheelbarrow
17:33 Bow Saw
17:38 Horse Collar
25:57 Heavy Plow
28:32 Imperial Age
26:34 Bloodlines
26:24 Husbandry
26:17 Gold Mining
27:06 Hand Cart
26:45 Fletching
27:17 Ballistics
27:23 Thumb Ring
29:07 Gold Shaft Mining
28:31 Bodkin Arrow
29:40 Bracer
29:41 Padded Archer Armor
31:14 Chemistry
31:19 Conscription
31:39 Leather Archer Armor
31:30 Heavy Cavalry Archer
32:11 Pikeman
33:28 Halberdier
34:33 Scale Mail Armor
34:44 Forging
35:26 Parthian Tactics
35:33 Squires
35:18 Arson
36:47 Iron Casting
36:27 Chain Mail Armor
36:19 Marauders
37:03 Elite Tarkan
38:52 Blast Furnace
48:42 Stone Mining
52:33 Light Cavalry
53:16 Town Watch
53:08 Hussar
55:10 Elite Skirmisher
56:53 Caravan
Olli
9:12 Loom
10:58 Feudal Age
13:29 Horse Collar
13:37 Double-Bit Axe
16:02 Castle Age
14:30 Double-Bit Axe
17:32 Bow Saw
17:52 Heavy Plow
23:15 Wheelbarrow
23:52 Gold Mining
23:54 Stone Mining
24:08 Husbandry
25:19 Gold Shaft Mining
25:12 Scale Barding Armor
25:22 Bloodlines
26:00 Forging
28:33 Chain Barding Armor
28:49 Iron Casting
31:29 Imperial Age
29:15 Hand Cart
28:46 Loom
28:47 Town Watch
31:33 Stone Shaft Mining
31:32 Heavy Camel Rider
32:49 Plate Barding Armor
33:14 Blast Furnace
32:17 Town Patrol
33:16 Conscription
33:02 Grand Trunk Road
33:38 Imperial Camel Rider
40:56 Chemistry
40:17 Ballistics
41:22 Light Cavalry
42:38 Shatagni
56:28 Siege Engineers
59:23 Light Cavalry
61:25 Siege Elephant
65:57 Two-Man Saw
65:18 Caravan
qiufen40
5:15 Loom
11:07 Feudal Age
16:08 Castle Age
14:24 Double-Bit Axe
14:21 Horse Collar
18:59 Bow Saw
18:50 Heavy Plow
24:13 Wheelbarrow
23:38 Gold Mining
25:23 Stone Mining
26:35 Hand Cart
29:58 Imperial Age
29:26 Town Watch
30:07 Husbandry
30:19 Bloodlines
30:25 Forging
30:21 Scale Barding Armor
30:51 Chatras
30:16 Elite Battle Elephant
31:41 Iron Casting
32:40 Chain Barding Armor
36:00 Plate Barding Armor
38:31 Two-Man Saw
38:04 Crop Rotation
39:48 Chemistry
42:34 Siege Engineers
42:26 Murder Holes
42:42 Fortified Wall
42:42 Masonry
天下第一假分哥
0:28 Loom
11:35 Feudal Age
13:24 Horse Collar
17:47 Castle Age
16:23 Double-Bit Axe
17:22 Scale Mail Armor
17:31 Gold Mining
18:59 Bow Saw
19:45 Heavy Plow
21:02 Arson
23:07 Chain Mail Armor
25:52 Forging
32:30 Wheelbarrow
36:46 Imperial Age
35:38 Hand Cart
36:24 Squires
36:12 Gambesons
35:54 Hamask
37:13 Iron Casting
37:25 Gold Shaft Mining
38:22 Conscription
50:41 Elite Varangian Guard
56:56 Pikeman
59:04 Halberdier
61:55 Plate Mail Armor
65:33 Blast Furnace
大清第一巴图鲁
0:32 Loom
11:55 Feudal Age
15:50 Castle Age
13:51 Double-Bit Axe
16:48 Castle Age
16:55 Stone Mining
18:21 Gold Mining
18:45 Bow Saw
20:30 Horse Collar
23:05 Heavy Plow
24:36 Wheelbarrow
29:26 Imperial Age
27:52 Gold Shaft Mining
28:37 Fletching
28:48 Padded Archer Armor
28:41 Town Watch
29:13 Hand Cart
30:51 Conscription
30:53 Bodkin Arrow
31:14 Leather Archer Armor
31:54 Ballistics
31:12 Capped Ram
33:07 Siege Ram
34:38 Stone Shaft Mining
37:20 Two-Man Saw
36:48 Elite Chu Ko Nu
39:37 Chemistry
38:48 Fortified Wall
44:11 Rocketry
44:45 Heavy Rocket Cart
47:43 Bracer
48:14 Ring Archer Armor
48:04 Pikeman
48:44 Squires
48:30 Arson
48:54 Scale Mail Armor
49:04 Forging
48:50 Halberdier
54:41 Thumb Ring
56:36 Chain Mail Armor
56:58 Iron Casting
57:07 Elite Skirmisher
58:53 Caravan
62:33 Plate Mail Armor
63:04 Blast Furnace
64:15 Scale Barding Armor
64:30 Light Cavalry
65:20 Bloodlines
65:11 Husbandry
67:32 Cavalier
Connection lost

Rejoining the realm…

Still unreachable

The connection could not be restored.

Session expired

The server has moved on; the page needs a fresh start.